 Dungeon Crawl Stone Soup version 0.29.0-11-gd7f09526c8 (webtiles) character file.

Game seed: 1096066339291859495

9 blackman the Sneak (level 2, -3/24 HPs)
             Began as a Demonspawn Delver on Sept 2, 2022.
             Slain by an orc
             ... wielding a +0 short sword
              (4 damage)
             ... on level 4 of the Dungeon.
             The game lasted 00:00:58 (296 turns).

blackman the Sneak (Demonspawn Delver)               Turns: 296, Time: 00:00:59

Health: -3/24      AC:  3    Str: 12    XL:     2   Next: 3%
Magic:  2/2        EV: 11    Int: 11    God:
Gold:   16         SH:  0    Dex: 14    Spells: 1/1 levels left

rFire   . . .      SeeInvis .   a - +0 hand axe
rCold   . . .      Faith    .   (no shield)
rNeg    . . .      Spirit   .   b - +0 leather armour
rPois   .          Reflect  .   (no helmet)
rElec   .          Harm     .   (no cloak)
rCorr   .          Rampage  .   (no gloves)
Will    .....                   (no boots)
Stlth   +.........              (no amulet)
HPRegen 0.08/turn               (no ring)
MPRegen 0.08/turn               (no ring)

@: confused
A: condensation shield
a: no special abilities


You were on level 4 of the Dungeon.
You visited 1 branch of the dungeon, and saw 2 of its levels.

You collected 16 gold pieces.

Inventory:

Hand Weapons
 a - a +0 hand axe (weapon)
Armour
 b - a +0 leather armour (worn)
Wands
 g - a wand of digging (3)
Scrolls
 c - a scroll of fog
 e - a scroll of fear
Potions
 f - a potion of haste


   Skills:
 - Level 3.0 Fighting
 + Level 2.5 Axes
 - Level 1.7 Dodging
 - Level 4.5 Stealth


You had one spell level left.
You didn't know any spells.
Your spell library was empty.

Dungeon Overview and Level Annotations

Branches:
Dungeon (5/15)
 Temple: D:4-7

Altars:


Innate Abilities, Weirdness & Mutations

A meltable shield of frost defends you. (SH +4)


Message History

The orc wizard flickers and vanishes!
Deactivating autopickup; reactivate with Ctrl-A.
The orc completely misses you.
You barely miss the orc.
The orc is heavily wounded.
You hit the quokka but do no damage. The quokka barely misses you.
The orc hits you with a +0 short sword. The quokka bites you.
You barely miss the orc.
The orc is heavily wounded.
You hit the quokka but do no damage. You miss something.
Something hits you but does no damage. You block the orc's attack.
The quokka barely misses you.
You hit the orc.
The orc is almost dead.
You closely miss the quokka. You hit something.
The quokka bites you but does no damage.
Something hits you. The orc closely misses you.
You closely miss the orc.
The orc is almost dead.
You hit the quokka. You barely miss something. You block the quokka's attack.
You hear some strange, mumbled words.
You are confused.
The orc hits you with a +0 short sword. The quokka closely misses you.
Something hits you. The orc hits you but does no damage.
You bump into the rock wall.
The quokka bites you. Something hits you.
* * * LOW HITPOINT WARNING * * *
The orc closely misses you.
You closely miss the orc.
The orc is almost dead.
You barely miss the quokka. You hit something but do no damage.
The quokka closely misses you.
You hear some strange, mumbled words.
Something tries to affect you, but you resist.
The orc hits you but does no damage. The quokka closely misses you.
You bump into the rock wall.
The quokka bites you.
* * * LOW HITPOINT WARNING * * *
Something hits you.
* * * LOW HITPOINT WARNING * * *
The orc hits you with a +0 short sword.
You die...

. ..# . #...
... #... #..##
#...###......
#$oo@{...#
#.....#r#.#..#
##### #.# #
#.# #.# #.#
..# ###


You could see 2 orcs and a quokka.

Vanquished Creatures
  An adder (D:5)
1 creature vanquished.

Notes
Turn   | Place    | Note
-------+----------+-------------------------------------------
     0 | D:5      | blackman the Demonspawn Delver began the quest for the Orb.
     0 | D:5      | Reached XP level 1. HP: 18/18 MP: 1/1
    13 | D:5      | Gained mutation: A meltable shield of frost defends you.
                  | (SH +4) [demonic ancestry]
    13 | D:5      | Reached XP level 2. HP: 15/24 MP: 2/2
   296 | D:4      | HP: 1/24 [something (2)]
   296 | D:4      | Slain by an orc

Illustrated notes

Levels and vault maps discovered:
D:4:      layout_basic, minmay_misc_feat_iff, kennysheep_another_room
D:5:      layout_rooms, hangedman_glass_teeth, amcnicky_mini_pool_small,
          hangedman_decor_clover_reticule, uniq_blork_the_orc, uniq_ijyb

Skill      XL: |  1 |
---------------+----+-----
Axes           | 2 |  2.5
Fighting       | |  3.0
Dodging        | |  1.7
Stealth        | |  4.5

Action                   || total
-------------------------++-------
Melee: Hand axe          ||     9
  Use: Scroll            ||     1
 Stab: Distracted        ||     1
       Sleeping          ||     1
Armor: Leather armour    ||     5
Dodge: Dodged            ||    12
Block: Other             ||     3
